 Dungeon Crawl Stone Soup version 0.31-a0-691-g409c26aa35 (webtiles) character file.

Game seed: 16555205235196143434

68 qw the Shooter (level 4, -14/28 HPs)
             Began as a Gargoyle Hunter on Sept 6, 2023.
             Demolished by an ogre
             ... wielding a +0 giant club
              (19 damage)
             ... on level 3 of the Dungeon.
             The game lasted 00:00:38 (1644 turns).

qw the Shooter (Gargoyle Hunter)                    Turns: 1644, Time: 00:00:38

Health: -14/28     AC:  8    Str: 16 (19) XL:     4   Next: 19%
Magic:  4/4        EV: 10    Int:  5 (8)  God:
Gold:   86         SH:  0    Dex: 12 (14) Spells: 3/3 levels left

rFire   . . .        Y - +1 shortbow
rCold   . . .        (shield currently unavailable)
rNeg    + . .        g - +0 ring mail
rPois   inf          (no helmet)
rElec   +            (no cloak)
rCorr   .            (no gloves)
SInv    .            (no boots)
Will    .....        (no amulet)
Stlth   +            (no ring)
HPRegen 0.24/turn    (no ring)
MPRegen 0.09/turn

%: no passive effects
@: about to teleport
A: sickness immunity, AC +3, negative energy resistance 1, electricity
resistance, torment resistance 1, petrification resistance, strong 1
a: no special abilities


You were on level 3 of the Dungeon.
You visited 1 branch of the dungeon, and saw 3 of its levels.

You collected 86 gold pieces.


Innate Abilities, Weirdness & Mutations

You are immune to sickness and miasma.
Your stone body is resilient. (AC +3)
You are immune to poison.
You resist negative energy. (rN+)
You are resistant to electric shocks. (rElec)
You are resistant to unholy torment.
You are immune to petrification.
Your muscles are strong. (Str +4, Int/Dex -1)


   Skills:
 - Level 3.2 Fighting
 + Level 5.0 Ranged Weapons
 - Level 1.0 Armour
 - Level 1.5 Dodging
 - Level 1.1 Stealth


You had 3 spell levels left.
You didn't know any spells.
Your spell library was empty.

Inventory:

Hand Weapons
 Y - a +1 shortbow (weapon)
Armour
 g - a +0 ring mail (worn)
Scrolls
 a - a scroll of identify
Potions
 c - a potion of ambrosia {unknown}
 d - a potion of curing {unknown}
 e - a potion of cancellation {unknown}
 h - a potion of mutation
 j - a potion of attraction {unknown}

Dungeon Overview and Level Annotations

Branches:
Dungeon (3/15)

Altars:


Message History

You feel strangely unstable.
The hobgoblin shouts!
You shoot an arrow. The arrow hits the ogre.
The ogre is heavily wounded.
The ogre barely misses you.
You shoot an arrow. The arrow hits the ogre.
The ogre is severely wounded.
Your surroundings suddenly seem different.
You start resting.
A hobgoblin is nearby!
You shoot an arrow. The arrow hits the hobgoblin.
The hobgoblin is moderately wounded.
You shoot an arrow. The arrow barely misses the hobgoblin.
You shoot an arrow.
The arrow hits the hobgoblin but does no damage.
The hobgoblin is moderately wounded.
You shoot an arrow. The arrow hits the hobgoblin!
You kill the hobgoblin!
You start resting.
HP restored.
An ogre is nearby!
You shoot an arrow. The ogre shouts!
The arrow hits the ogre.
The ogre is lightly wounded.
You shoot an arrow. The arrow hits the ogre.
The ogre is moderately wounded.
You shoot an arrow. The arrow hits the ogre!
The ogre is severely wounded.
You shoot an arrow. The arrow hits the ogre.
The ogre is almost dead.
The ogre hits you with a +0 giant club!
You shoot an arrow. The arrow barely misses the ogre.
The ogre hits you with a +0 giant club!
1644 ||| READING scroll of teleportation.
As you read the scroll of teleportation, it crumbles to dust.
You feel strangely unstable.
The ogre hits you with a +0 giant club!!
Ouch! That really hurt!
You die...

... ..# # #.#
###.###...#
#.#####g###.......#.##
#.#...........# ....!
... #.###...####..##
##.###............>..
#.......####.####....
#...O........####.###
#...@.!.####.....<...
.#####..#####
#####....# ........#
#..##. ##......#
#..### #..##..# #..# #
#. #..# . ...#
#..##..###...# ##..#
#...........# ##.#
##.##.####.## ##.


You could see an ogre.

Vanquished Creatures
  2 adders
  2 worms (D:2)
  A dart slug (D:1)
  2 ball pythons (D:1)
  7 bats
  4 endoplasms
  A giant cockroach (D:1)
  4 goblins
  3 hobgoblins
  2 quokkas
  4 frilled lizards
  3 kobolds
  9 rats
44 creatures vanquished.

Notes
Turn   | Place    | Note
-------+----------+-------------------------------------------
     0 | D:1      | qw the Gargoyle Hunter began the quest for the Orb.
     0 | D:1      | Reached XP level 1. HP: 12/12 MP: 1/1
     0 | D:1      | 0 ||| qw: Version: 0.3-a-76-g4403597
     0 | D:1      | 0 ||| qw: Game counter: 222
     0 | D:1      | 0 ||| qw: Melee chars always use a shield: true
     0 | D:1      | 0 ||| qw: God list: Okawaru
     0 | D:1      | 0 ||| qw: Allow faded altars: false
     0 | D:1      | 0 ||| qw: Do Orc after clearing Dungeon:15 true
     0 | D:1      | 0 ||| qw: Do second Lair branch before Depths: true
     0 | D:1      | 0 ||| qw: Lair rune preference: random
     0 | D:1      | 0 ||| qw: Goals: Normal
     0 | D:1      | 0 ||| PLANNING D:1-11
   123 | D:1      | Reached XP level 2. HP: 11/17 MP: 2/2
   527 | D:1      | Reached XP level 3. HP: 21/21 MP: 3/3
   569 | D:1      | Reached skill level 5 in Ranged Weapons
   627 | D:1      | 627 ||| UPGRADING to +0 ring mail.
   637 | D:1      | 637 ||| DROPPING +0 leather armour.
   638 | D:1      | 638 ||| READING 2 scrolls labelled ZOCRIVY ADOLE.
   639 | D:1      | 639 ||| READING scroll labelled ELAOMA KAJYI.
   640 | D:1      | 640 ||| DRINKING 2 white potions.
   641 | D:1      | 641 ||| DROPPING scroll of butterflies.
   642 | D:1      | 642 ||| DROPPING potion of degeneration.
   781 | D:2      | Reached skill level 1 in Armour
  1316 | D:2      | 1316 ||| READING 3 scrolls labelled QUAHUTAITE.
  1321 | D:2      | 1321 ||| READING scroll labelled ODYTI TUDOLALIAWK.
  1322 | D:2      | 1322 ||| READING scroll labelled ZAB HUUSMULAR.
  1323 | D:2      | 1323 ||| DRINKING 2 lumpy yellow potions.
  1323 | D:2      | Gained mutation: Your muscles are strong. (Str +4, Int/Dex
                  | -1) [potion of mutation]
  1378 | D:3      | Reached XP level 4. HP: 27/27 MP: 4/4
  1463 | D:3      | Reached skill level 3 in Fighting
  1513 | D:3      | Noticed an ogre
  1518 | D:3      | HP: 1/28 [ogre/+0 giant club (27)]
  1519 | D:3      | 1519 ||| READING 2 scrolls of teleportation.
  1643 | D:3      | HP: 5/28 [ogre/+0 giant club (13)]
  1644 | D:3      | 1644 ||| READING scroll of teleportation.
  1644 | D:3      | Demolished by an ogre

Levels and vault maps discovered:
D:1:      giann_horns, layout_loops_cross
D:2:      layout_loops_ring, grunt_ministairs_15
D:3:      layout_loops_ring, kennysheep_flooded_box

Skill      XL: |  1  2  3  4 |
---------------+-------------+-----
Ranged Weapons | 5 |  5.0
Armour         | 1 |  1.0
Fighting       | 3 |  3.2
Dodging        | |  1.5
Stealth        | |  1.1

Action                     |  1- 3 |  4- 6 || total
---------------------------+-------+-------++-------
   Fire: Shortbow          |   116 |    32 ||   148
    Use: Scroll            |     5 |     2 ||     7
         Potion            |     2 |       ||     2
 Armour: Leather armour    |    12 |       ||    12
         Ring mail         |    11 |     8 ||    19
  Dodge: Dodged            |    33 |    10 ||    43

Table legend:
 A = Non-vault XP
 B = Vault XP
 C = Vault XP percentage of total XP
 D = Non-vault monster count
 E = Vault monster count
 F = Vault count percentage of total count
                 A         B        C        D         E       F
            +---------+---------+-------+---------+---------+-------
      Total |      95 |       3 |   3.1 |      42 |       2 |   4.5
            +---------+---------+-------+---------+---------+-------
        D:1 |      40 |       0 |   0.0 |      26 |       0 |   0.0
        D:2 |      35 |       3 |   7.9 |      11 |       2 |  15.4
        D:3 |      20 |       0 |   0.0 |       5 |       0 |   0.0
            +---------+---------+-------+---------+---------+-------
